 Dungeon Crawl Stone Soup version 0.27-a0-1101-ge311f74bc8 (webtiles) character file.

Game seed: 4677815017955766739

119 CarpeVinum the Conjurer (level 5, -4/35 HPs)
             Began as a Human Conjurer on Apr 29, 2021.
             Slain by an ogre
             ... wielding a +0 giant club
              (20 damage)
             ... on level 4 of the Dungeon.
             The game lasted 00:14:07 (3946 turns).

CarpeVinum the Conjurer (Human Conjurer)            Turns: 3946, Time: 00:14:07

Health: -4/35      AC:  5    Str:  8    XL:     5   Next: 24%
Magic:  13/18      EV: 12    Int: 19    God:
Gold:   143        SH:  0    Dex: 11    Spells: 6/9 levels left

rFire    . . .     SeeInvis .   e - +0 hand axe
rCold    . . .     Faith    .   (no shield)
rNeg     . . .     Spirit   .   a - +1 robe
rPois    .         Reflect  .   (no helmet)
rElec    .         Harm     .   (no cloak)
rCorr    .         Rampage  .   c - +1 pair of gloves
Will     +....                  (no boots)
Stlth    ++........             (no amulet)
HPRegen  0.11/turn              i - ring of willpower
MPRegen  0.16/turn              l - ring of magical power

@: no status effects
A: no striking features
a: no special abilities


You were on level 4 of the Dungeon.
You visited 1 branch of the dungeon, and saw 4 of its levels.

You collected 143 gold pieces.

Inventory:

Hand Weapons
 b - a +0 dagger
 e - a +0 hand axe (weapon)
Armour
 a - a +1 robe (worn)
 c - a +1 pair of gloves (worn)
Jewellery
 i - a ring of willpower (left hand)
 l - a ring of magical power (right hand)
 m - an amulet of regeneration
Scrolls
 h - a scroll of identify
Potions
 d - 2 potions of heal wounds
 f - 2 potions of flight
 g - 2 potions of degeneration {unknown}
 j - 3 potions of attraction {unknown}
 k - a potion of magic {unknown}


   Skills:
 + Level 0.1 Fighting
 + Level 2.1 Dodging
 + Level 2.9 Stealth
 + Level 2.8 Spellcasting
 + Level 5.3 Conjurations


You had 6 spell levels left.
You knew the following spells:

 Your Spells              Type           Power      Damage    Failure   Level
a - Magic Dart            Conj           88%        1d7       1%          1
b - Searing Ray           Conj           44%        3d4       2%          2

Your spell library contained the following spells:

 Spells                   Type           Power      Damage    Failure   Level
 Sting                    Tmut/Pois      8%         1d3       16%         1
 Summon Small Mammal      Summ           8%         N/A       16%         1
 Dazzling Flash           Conj/Hex       24%        N/A       16%         3
 Mephitic Cloud           Conj/Pois/Air  9%         N/A       22%         3
 Call Imp                 Summ           2%         N/A       24%         2
 Poisonous Vapours        Pois/Air       4%         N/A       24%         2
 Call Canine Familiar     Summ           2%         N/A       43%         3
 Ignite Poison            Fire/Tmut/Pois 2%         N/A       43%         3
 Summon Guardian Golem    Hex/Summ       2%         N/A       43%         3
 Fulminant Prism          Conj/Hex       6%         3d7       45%         4
 Iskenderun's Mystic Bla  Conj/Tloc      12%        2d5       45%         4
 Olgreb's Toxic Radiance  Pois           2%         N/A       83%         4
 Summon Ice Beast         Ice/Summ       2%         N/A       83%         4
 Summon Lightning Spire   Summ/Air       2%         N/A       83%         4


Dungeon Overview and Level Annotations

Branches:
Dungeon (4/15)
 Temple: D:4-7

Altars:


Message History

Found 3 fizzy white potions.
Found a notched diamond ring.
f - 2 potions of flight (gained 1)
j - 3 fizzy white potions
k - a glowing black potion
l - a ring of magical power You feel your magic capacity increase.
l - a ring of magical power (right hand) Welcome back, CarpeVinum the Human Conjurer.
Press ? for a list of commands and other information.
HP restored.
Magic restored.
Found a pair of boots.
Found 16 sling bullets.
Found a spear.
You now have 143 gold pieces (gained 9).
Found a scale mail.
You see here a +0 scale mail.
m - an amulet of regeneration An ogre comes into view.
It is wielding a +0 giant club.
An ogre is nearby!
Cast which spell? (? or * to list)
Aiming: Searing Ray (safe; 2% risk of failure)
Press: ? - help, Shift-Dir - straight line, f - ogre
Aim: an ogre, wielding a +0 giant club (asleep, 100% to hit)
The searing ray hits the ogre.
The ogre is moderately wounded.
The ogre shouts! (Press . to maintain the ray.)
The searing ray hits the ogre.
The ogre is moderately wounded.
The searing ray misses the ogre.
The ogre hits you with a +0 giant club!!
Ouch! That really hurt!
The searing ray hits the ogre!
The ogre is severely wounded.
You finish channeling your searing ray.
The ogre hits you with a +0 giant club!!
Ouch! That really hurt!
You die...

### ..########
#........#
#####....#
#.....#########
##.....[......#
######.#########.#
...# #.# #.# ##.#
#.# #@# #.###+##
#O# #.##...## .!.
##.#.....## ...##
##........## ###.#
...........# #..
...........+ #..
##.........# ...
###.......##


You could see an ogre.

Vanquished Creatures
  Jessica (D:3)
  3 adders
  A shadow imp (D:4)
  4 worms
  A dart slug (D:3)
  2 orcs (D:3)
  4 endoplasms
  A giant cockroach (D:2)
  5 goblins
  3 hobgoblins
  5 kobolds
  3 quokkas
  7 ball pythons
  3 bats (D:1)
  A frilled lizard (D:2)
  3 rats
47 creatures vanquished.

Notes
Turn   | Place    | Note
-------+----------+-------------------------------------------
     0 | D:1      | CarpeVinum the Human Conjurer began the quest for the Orb.
     0 | D:1      | Reached XP level 1. HP: 13/13 MP: 3/3
   499 | D:1      | Reached XP level 2. HP: 19/19 MP: 1/5
   908 | D:1      | Found a faded altar of an unknown god.
  1182 | D:1      | Learned a level 2 spell: Searing Ray
  1534 | D:2      | Reached XP level 3. HP: 24/24 MP: 0/6
  2464 | D:2      | Reached XP level 4. HP: 30/30 MP: 2/7
  2726 | D:3      | Reached skill level 5 in Conjurations
  2760 | D:3      | Noticed Jessica
  2766 | D:3      | Killed Jessica
  3114 | D:3      | Reached XP level 5. HP: 29/35 MP: 5/9
  3942 | D:4      | Noticed an ogre
  3946 | D:4      | Slain by an ogre

Illustrated notes

Levels and vault maps discovered:
D:1:      psy_arrival_spokes, layout_basic,
          shapermc_ecumenical_altar_mp_urbaneastern, grunt_decor_cap
D:2:      layout_rooms, nrook_uturn, hangedman_glass_teeth, bh_walls_and_bars
D:3:      layout_rooms, chequers_serial_rivers_small_a, uniq_jessica
D:4:      layout_loops_corners, jmf_multi_god_temple

Skill      XL: |  1  2  3  4 |
---------------+-------------+-----
Conjurations   | 5 |  5.3
Fighting       | |  0.1
Dodging        | |  2.1
Stealth        | |  2.9
Spellcasting   | |  2.8

Action                   |  1- 3 |  4- 6 || total
-------------------------+-------+-------++-------
Melee: Unarmed           |     3 |       ||     3
       Hand axe          |       |     2 ||     2
 Cast: Magic Dart        |    38 |    46 ||    84
       Searing Ray       |    11 |     2 ||    13
  Use: Scroll            |     4 |     3 ||     7
Armor: Robe              |     1 |     1 ||     2
Dodge: Dodged            |     1 |       ||     1

Table legend: (Time is in decaauts)
 A = Elapsed time spent in this place.
 B = Non-inter-level travel time spent in this place.
 C = Inter-level travel time spent in this place.
 D = Time resting spent in this place.
 E = Time spent auto-exploring this place.
 F = Levels seen in this place.
 G = Mean time per level.
                   A        B        C        D        E       F      G
               +--------+--------+--------+--------+--------+-----+--------+
         Total |   3943 |   3943 |      0 |    259 |   3139 |   4 |  985.8 |
       Dungeon |   3943 |   3943 |      0 |    259 |   3139 |   4 |  985.8 |
               +--------+--------+--------+--------+--------+-----+--------+

Top non-repeatable levels by time:
     D:1: 1521 daAuts
     D:2: 1186 daAuts
     D:3: 700 daAuts
     D:4: 535 daAuts
